AoeStats
← Bigcityboydn_™

Arabia

508167329Analyzed
1v1 RM · 12d ago on Sep 21, 2026· 55m 2s· 2 players
Game mode
Random Map
Map size
Tiny (2 player)
Population
200
Speed
Normal
Resources
Standard
Victory
Conquest
Starting age
Dark Age
Ending age
Imperial Age
RankedLock teamsTeams togetherTeam positionsShared explorationLock speedFull tech treeHidden civsTurbo modeCheats
Victory
Defeat
🇦🇷 Slavs · Argentina
1631
+14
🇳🇱 Magyars · Netherlands
1584
-14
kiliebill
6:32 Loom
8:39 Feudal Age
8:39 Loom
10:07 Double-Bit Axe
20:10 Castle Age
18:56 Gold Mining
18:47 Horse Collar
19:22 Fletching
19:51 Padded Archer Armor
20:59 Bodkin Arrow
21:51 Bow Saw
24:30 Leather Archer Armor
28:14 Ballistics
29:14 Wheelbarrow
29:55 Bloodlines
31:53 Elite Skirmisher
32:49 Husbandry
32:34 Elite Skirmisher
34:13 Scale Barding Armor
48:37 Imperial Age
47:36 Murder Holes
55:24 Bracer
Bigcityboydn_™
6:30 Loom
9:05 Feudal Age
9:11 Man-at-Arms
11:07 Double-Bit Axe
12:02 Horse Collar
18:06 Gold Mining
18:05 Town Watch
20:44 Castle Age
19:09 Fletching
21:24 Bloodlines
21:29 Bodkin Arrow
21:35 Husbandry
22:05 Bow Saw
23:55 Padded Archer Armor
26:33 Ballistics
28:50 Bloodlines
29:55 Leather Archer Armor
30:57 Wheelbarrow
31:54 Gold Shaft Mining
34:31 Hand Cart
41:48 Imperial Age
39:49 Scale Barding Armor
39:54 Forging
39:55 Stone Mining
41:43 Chain Barding Armor
41:59 Cavalier
43:48 Plate Barding Armor
42:49 Elite Skirmisher
47:41 Chemistry
47:51 Light Cavalry
52:54 Iron Casting
54:49 Hussar
Connection lost

Rejoining the realm…

Still unreachable

The connection could not be restored.

Session expired

The server has moved on; the page needs a fresh start.